 Dungeon Crawl Stone Soup version 0.30-a0-696-g2367cd04db (webtiles) character file.

Game seed: 16516574258288072157

1574 bande the Chopper (level 8, 0/73 HPs)
             Began as a Gargoyle Fighter on Jan 21, 2023.
             Was a Follower of Okawaru.
             Slain by an orc wizard
             ... wielding a +0 dagger
              (3 damage)
             ... on level 7 of the Dungeon.
             The game lasted 00:08:53 (5507 turns).

bande the Chopper (Gargoyle Fighter)                Turns: 5507, Time: 00:08:53

Health: 0/73       AC: 20    Str: 20    XL:     8   Next: 90%
Magic:  0/10       EV:  5    Int:  9    God:    Okawaru [*.....]
Gold:   303        SH:  5    Dex: 11    Spells: 7/7 levels left

rFire   . . .      SeeInvis .    a - +0 war axe
rCold   . . .      Faith    .    c - +0 buckler
rNeg    + . .      Spirit   +    i - +0 plate armour
rPois   ∞          Reflect  .    (no helmet)
rElec   +          Harm     .    p - +0 cloak
rCorr   +          Rampage  .    (no gloves)
Will    .....                    r - +0 pair of boots Stlth
                                 m - amulet of guardian spirit
HPRegen 0.32/turn                f - ring of resist corrosion
MPRegen 0.12/turn                (no ring)

@: berserking (expiring), very quick
A: sickness immunity, AC +5, negative energy resistance 1, electricity
resistance, torment resistance 1, petrification resistance
a: Renounce Religion, Heroism


You were on level 7 of the Dungeon.
You worshipped Okawaru.
Okawaru was aware of your devotion.
You visited 2 branches of the dungeon, and saw 8 of its levels.

You collected 323 gold pieces.
You spent 20 gold pieces at shops.

Inventory:

Hand Weapons
 a - a +0 war axe (weapon)
 s - a +5 heavy flail
Armour
 c - a +0 buckler (worn)
 i - a +0 plate armour (worn)
 p - a +0 cloak (worn)
 r - a +0 pair of boots (worn)
 t - a +3 scale mail of fire resistance
Jewellery
 f - a ring of resist corrosion (left hand)
 k - an amulet of regeneration
 m - an amulet of guardian spirit (around neck)
Wands
 e - a wand of digging (1)
Scrolls
 g - a scroll of amnesia
 h - 2 scrolls of teleportation
 n - a scroll of fear
 u - a scroll of identify
Potions
 b - a potion of flight
 d - 3 potions of might
 j - a potion of resistance
 l - 2 potions of haste
 q - a potion of curing


   Skills:
 + Level 5.3 Fighting
 + Level 6.8 Axes
 + Level 6.0 Armour
 + Level 4.6 Shields
 * Level 3.1 Invocations
 * Level 2.6 Evocations


You had 7 spell levels left.
You didn't know any spells.
Your spell library contained the following spells:

 Spells                   Type           Power      Damage    Failure   Level
 Necrotise                Necr           0%         1d4       100%        1
 Vampiric Draining        Necr           0%         2d6       100%        3
 Cause Fear               Hex            0%         N/A       100%        4
 Agony                    Necr           0%         N/A       100%        5
 Dragon Form              Tmut           0%         N/A       100%        7
 Dragon's Call            Summ           Unusable   N/A       N/A         9

Dungeon Overview and Level Annotations

Branches:
Dungeon (7/15)             Temple (1/1) D:5

Altars:
Cheibriados
Gozag
Hepliaklqana
Makhleb
Okawaru
Qazlal
Ru
Sif Muna
Uskayaw
Vehumet
Wu Jian
Xom
Yredelemnul
Zin
The Shining One

Shops:
D:2 (   D:3 !   D:6 ?


Innate Abilities, Weirdness & Mutations

You are immune to sickness and miasma.
Your stone body is resilient. (AC +5)
You are immune to poison.
You resist negative energy. (rN+)
You are resistant to electric shocks. (rElec)
You are resistant to unholy torment.
You are immune to petrification.


Message History

The orc warrior hits you with a +0 glaive!
* * * LOW HITPOINT WARNING * * *
You are too injured to fight recklessly!
You are too injured to fight recklessly!
You are too injured to fight recklessly!
You are too injured to fight recklessly!
You are too injured to fight recklessly!
A red film seems to cover your vision as you go berserk!
You feel yourself moving faster!
You feel mighty!
The orc warrior hits you with a +0 glaive.
* * * LOW HITPOINT WARNING * * *
You barely miss the orc warrior.
The orc warrior is moderately wounded.
You completely miss the orc warrior.
The orc warrior is moderately wounded.
The orc warrior hits you with a +0 glaive!
* * * LOW HITPOINT WARNING * * *
You slash the orc warrior!
The orc warrior is almost dead.
The orc warrior hits you but does no damage.
You hit the orc warrior but do no damage.
The orc warrior is almost dead.
The orc warrior hits you with a +0 glaive!
* * * LOW HITPOINT WARNING * * *
You barely miss the orc warrior.
The orc warrior is severely wounded.
The orc warrior hits you with a +0 glaive.
* * * LOW HITPOINT WARNING * * *
You slash the orc warrior!
You kill the orc warrior!
Okawaru accepts your kill.
Your Armour skill increases to level 6!
Your Invocations skill increases to level 3!
Something hits you but does no damage.
Things that are here:
a +0 glaive; a +0 plate armour You miss something.
Something hits you but does no damage.
You miss something. Something hits you but does no damage.
You miss something. Something hits you.
You die...

#.# #..#.# #.#
##.#.# #.#
#.#.#
#.######.#.#
#..........#
#######.###
#.# ##.#
#.#######....#
#.....)@{....#
##############


There were no monsters in sight!

Vanquished Creatures
  Sigmund (D:3)
  Edmund (D:6)
  2 orc warriors
  An ice beast (D:6)
  2 centaurs (D:7)
  2 phantoms
  A bullfrog (D:7)
  A necrophage (D:5)
  A scorpion (D:5)
  4 hounds
  Crazy Yiuf (D:3)
  A gnoll bouda (D:4)
  3 iguanas
  3 orc wizards
  5 adders
  5 gnolls (D:4)
  A shadow imp (D:6)
  An ufetubus (D:5)
  2 worms
  A dart slug (D:1)
  15 orcs
  11 ball pythons
  6 bats
  9 endoplasms
  2 giant cockroaches
  10 goblins
  8 hobgoblins
  A ball python zombie (D:3)
  3 frilled lizards (D:1)
  A giant cockroach zombie (D:3)
  5 kobolds
  6 rats
116 creatures vanquished.

Vanquished Creatures (others)
  An orc (D:7)
  13 plants (D:3)
14 creatures vanquished.

Grand Total: 130 creatures vanquished

Notes
Turn   | Place    | Note
-------+----------+-------------------------------------------
     0 | D:1      | bande the Gargoyle Fighter began the quest for the Orb.
     0 | D:1      | Reached XP level 1. HP: 14/14 MP: 1/1
   110 | D:1      | Reached XP level 2. HP: 14/19 MP: 2/2
   164 | D:1      | Found a faded altar of an unknown god.
   257 | D:1      | Reached XP level 3. HP: 21/23 MP: 3/3
  1059 | D:2      | Found Nydix's Antique Weapon Emporium.
  1251 | D:2      | Reached XP level 4. HP: 29/29 MP: 4/4
  1525 | D:3      | Noticed Sigmund
  1554 | D:3      | Killed Sigmund
  1555 | D:3      | Reached XP level 5. HP: 8/33 MP: 5/5
  1555 | D:3      | Reached XP level 6. HP: 9/38 MP: 6/6
  1927 | D:3      | Found Xoizapsa's Distillery.
  1955 | D:3      | Bought 2 potions of degeneration for 20 gold pieces
  2102 | D:3      | Found a runed translucent door.
  2103 | D:3      | Noticed Crazy Yiuf
  2261 | D:3      | Identified the +1 scimitar of Laceration {flame, *Slow rF+
                  | Int+2}
  2449 | D:3      | Found a basalt altar of Yredelemnul.
  2584 | D:3      | Killed Crazy Yiuf
  2633 | D:4      | Found an opulent altar of Gozag.
  2919 | D:4      | Found a glowing silver altar of Zin.
  2999 | D:4      | Reached skill level 5 in Axes
  2999 | D:4      | Reached XP level 7. HP: 31/44 MP: 7/7
  3433 | D:5      | Entered Level 5 of the Dungeon
  3451 | D:5      | Reached skill level 5 in Armour
  3549 | D:5      | Found a staircase to the Ecumenical Temple.
  3571 | Temple   | Entered the Ecumenical Temple
  3602 | Temple   | Became a worshipper of Warmaster Okawaru
  3649 | D:5      | Found a snail-covered altar of Cheibriados.
  3691 | D:5      | Reached skill level 1 in Evocations
  3908 | D:5      | Found a shimmering blue altar of Sif Muna.
  4038 | D:6      | Reached skill level 1 in Invocations
  4129 | D:6      | Reached XP level 8. HP: 42/48 MP: 7/9
  4204 | D:6      | Reached * piety under Okawaru
  4411 | D:6      | Noticed Edmund
  4437 | D:6      | Killed Edmund
  4438 | D:6      | Reached skill level 5 in Fighting
  4699 | D:6      | Found Eseqofye's Magic Scroll Shop.
  5502 | D:7      | HP: 2/73 [orc warrior/+0 glaive (3)]
  5507 | D:7      | Slain by an orc wizard

Illustrated notes

Levels and vault maps discovered:
D:1:      ebering_trefoil_3fold, layout_rooms,
          hellmonk_ecumenical_altar_lost_god
D:2:      minmay_diamond_boxcup, layout_rooms, serial_forest,
          infiniplex_forest_straight_4, infiniplex_forest_lined_room_3,
          infiniplex_forest_straight_2, infiniplex_forest_zigzag_1,
          infiniplex_forest_clump_small, serial_shops,
          nicolae_shop_advertising_works [nicolae_subvault_shop_adworks]
D:3:      layout_loops_ring, lemuel_zombie_altar_yredelemnul, serial_shops,
          shop, serial_bayou_lake_a, uniq_crazy_yiuf_cottage, uniq_sigmund
D:4:      layout_basic, pdpol_temple_overflow_zin_treasury_gozag_greed
D:5:      layout_basic, cheibriados_altar_1, nicolae_sif_muna_little_library,
          minmay_temple_entry_stoned_glass, nicolae_kite_square_tiling_tiny
D:6:      layout_rooms, serial_shops, nicolae_shop_behind_doors, minivault_23,
          uniq_edmund
D:7:      nicolae_cairo_tiling_very_big, layout_loops_ring
Temple:   compressed_dpeg_triangle_lava_temple

Skill      XL: |  1  2  3  4  5  6  7  8 |
---------------+-------------------------+-----
Axes           | 2 3 5 6 |  6.8
Fighting       | 4 5 |  5.3
Armour         | 4 5 6 |  6.0
Shields        | 4 |  4.6
Evocations     | 1 2 |  2.6
Invocations    | 1 3 |  3.1

Action                   |  1- 3 |  4- 6 |  7- 9 || total
-------------------------+-------+-------+-------++-------
Melee: War axe           |   117 |   142 |   196 ||   455
  Use: Scroll            |       |     7 |     6 ||    13
       Potion            |       |       |     1 ||     1
Armor: Scale mail        |    74 |     1 |       ||    75
       Plate armour      |       |   141 |   179 ||   320
Dodge: Dodged            |    52 |    46 |    54 ||   152
Block: Buckler           |    27 |    30 |    40 ||    97

Table legend: (Time is in decaauts)
 A = Elapsed time spent in this place.
 B = Non-inter-level travel time spent in this place.
 C = Inter-level travel time spent in this place.
 D = Time resting spent in this place.
 E = Time spent auto-exploring this place.
 F = Levels seen in this place.
 G = Mean time per level.
                   A        B        C        D        E       F      G
               +--------+--------+--------+--------+--------+-----+--------+
         Total |   5687 |   5628 |     59 |   1278 |   3097 |   8 |  710.9 |
       Dungeon |   5631 |   5572 |     59 |   1278 |   3074 |   7 |  804.4 |
        Temple |     56 |     56 |      0 |      0 |     23 |   1 |   56.0 |
               +--------+--------+--------+--------+--------+-----+--------+

Top non-repeatable levels by time:
     D:3: 1181 daAuts
     D:6: 1035 daAuts
     D:2: 962 daAuts
     D:4: 839 daAuts
     D:1: 589 daAuts
     D:5: 544 daAuts
     D:7: 478 daAuts
  Temple: 56 daAuts
